 Seeded DCSS version 0.29.1-1-gd02db6906a (webtiles) character file.

Game seed: 1050451780467462564 (custom seed)

109 GigaChad the Trooper (level 4, 0/42 HPs)
             Began as a Minotaur Fighter on Sept 19, 2022.
             Constricted to death by Natasha (1 damage)
             ... on level 3 of the Dungeon.
             The game lasted 00:04:08 (2551 turns).

GigaChad the Trooper (Minotaur Fighter)             Turns: 2551, Time: 00:04:08

Health: 0/42       AC:  9    Str: 22    XL:     4   Next: 60%
Magic:  3/3        EV:  5    Int:  5    God:
Gold:   120        SH:  9    Dex: 10    Spells: 3/3 levels left

rFire   + + .      SeeInvis .   e - +0 double sword "Caissom" {pain, rElec rF++}
rCold   . . .      Faith    .   c - +0 buckler
rNeg    . . .      Spirit   .   q - +0 chain mail
rPois   .          Reflect  +   (helmet restricted)
rElec   +          Harm     .   (no cloak)
rCorr   .          Rampage  .   (no gloves)
Will    .....                   (no boots)
Stlth   ..........              o - amulet of reflection
HPRegen 0.14/turn               (no ring)
MPRegen 0.08/turn               (no ring)

@: grasped by roots, constricted
A: horns 2, retaliatory headbutt
a: no special abilities


You were on level 3 of the Dungeon.
You visited 1 branch of the dungeon, and saw 3 of its levels.

You collected 120 gold pieces.

Inventory:

Hand Weapons
 a - a +0 long sword
 e - the +0 double sword "Caissom" (weapon) {pain, rElec rF++}
   (You acquired it on level 1 of the Dungeon)

   In the hands of one skilled in necromantic magic, it inflicts extra damage on
   living creatures.
   rF:        It greatly protects you from fire.
   rElec:     It insulates you from electricity.
 p - a +2 mace of draining
Armour
 b - a +0 scale mail
 c - a +0 buckler (worn)
 q - a +0 chain mail (worn)
Jewellery
 i - a ring of positive energy
 o - an amulet of reflection (around neck)
 t - a ring of protection from cold
Scrolls
 f - 3 scrolls of identify {unknown}
 j - a scroll of summoning {unknown}
 m - 2 scrolls of magic mapping {unknown}
 u - a scroll of enchant armour {unknown}
Potions
 d - a potion of might
 g - a potion of invisibility {unknown}
 h - a potion of lignification {unknown}
 k - a potion of berserk rage {unknown}
 l - 2 potions of mutation {unknown}
 n - 5 potions of curing {unknown}
 r - 2 potions of flight {unknown}
 s - a potion of brilliance {unknown}


   Skills:
 - Level 5.0 Fighting
 - Level 2.7 Long Blades
 - Level 4.0 Armour
 + Level 2.3 Dodging
 - Level 4.1 Shields


You had 3 spell levels left.
You didn't know any spells.
Your spell library contained the following spells:

 Spells                   Type           Power      Damage    Failure   Level
 Shock                    Conj/Air       0%         1d3       99%         1
 Swiftness                Air            0%         N/A       100%        3
 Airstrike                Air            0%         2d(0-16)  100%        4


Dungeon Overview and Level Annotations

Branches:
Dungeon (3/15)

Altars:

Annotations:
D:3 Jessica, Natasha


Innate Abilities, Weirdness & Mutations

You have a pair of horns on your head.
You reflexively headbutt those who attack you in melee.


Message History

You escape the roots grasp.
Jessica the Apprentice Sorceress comes into view.
She is wielding a +0 dagger, wearing a +0 robe of fire resistance and carrying a wand of light (3).
Jessica shouts!
You see here 5 stones.
You slash the hobgoblin!
You kill the hobgoblin!
Jessica zaps a wand.
The bolt of light hits you!
You are confused.
Natasha stares at you and mumbles some strange words.
The magic dart hits you! The worm bites you.
You closely miss the worm.
You feel less confused. You block Natasha's attack.
You block the worm's attack. Natasha claws you but does no damage.
Natasha claws you. Jessica hits you but does no damage.
You hit the worm.
The worm is moderately wounded.
Natasha barely misses you. You furiously retaliate!
You headbutt Natasha! Jessica gestures at you while chanting.
Pain shoots through your body! Natasha claws you.
* * * LOW HITPOINT WARNING * * *
The worm bites you.
* * * LOW HITPOINT WARNING * * *
You slash the worm!
The worm is severely wounded.
Jessica zaps a wand.
The bolt of light misses you.
Natasha zaps a wand.
The roots erupt in riotous growth!
The grasping roots grab you!
Natasha is unaffected.
The worm is unaffected.
Jessica is unaffected.
The grasping roots constrict you.
* * * LOW HITPOINT WARNING * * *
Jessica mumbles some strange words.
Jessica blinks!
You barely miss the worm.
The worm is severely wounded.
Natasha claws you.
* * * LOW HITPOINT WARNING * * *
The grasping roots constrict you.
You die...

# .## ... ########.#
.####......!.#
........<....#
#.......??..#
####.hw§†..@# #.# ##
#..@(....## #.# #.
#.............# ##.
#..#####.####.####..
##.## .# #.##...#
#..# ##. #.#..###
##.## #.. #.#.##
####..# #.# ###...#
# #.###....##
#.###....## #
###.#<##..####
#.....##.## #


You could see a worm, Natasha and Jessica.

Vanquished Creatures
  Terence (D:2)
  2 adders (D:3)
  2 worms
  A dart slug (D:1)
  An orc (D:3)
  7 endoplasms
  2 giant cockroaches (D:1)
  3 goblins
  5 hobgoblins
  5 jackals
  5 kobolds
  2 quokkas
  6 ball pythons
  8 bats
  2 frilled lizards
  3 rats
55 creatures vanquished.

Notes
Turn   | Place    | Note
-------+----------+-------------------------------------------
     0 | D:1      | GigaChad the Minotaur Fighter began the quest for the Orb.
     0 | D:1      | Reached XP level 1. HP: 19/19 MP: 0/0
     4 | D:1      | Identified a scroll of acquirement
     4 | D:1      | Acquired the +0 double sword "Caissom" {pain, rElec rF++}
   124 | D:1      | Reached XP level 2. HP: 17/27 MP: 1/1
   131 | D:1      | Reached skill level 4 in Fighting
   989 | D:2      | Reached XP level 3. HP: 31/33 MP: 2/2
  1502 | D:2      | Noticed Terence
  1509 | D:2      | Killed Terence
  1510 | D:2      | Reached skill level 5 in Fighting
  1569 | D:2      | Reached XP level 4. HP: 42/42 MP: 3/3
  1872 | D:2      | Reached skill level 1 in Dodging
  2441 | D:3      | Found a faded altar of an unknown god.
  2540 | D:3      | Noticed Natasha
  2541 | D:3      | Noticed Jessica
  2551 | D:3      | HP: 1/42 [Natasha (4)]
  2551 | D:3      | Constricted to death by Natasha

Illustrated notes

Levels and vault maps discovered:
D:1:      nicolae_arrival_memento_mori, layout_rooms, minmay_crystal_water
D:2:      layout_basic, chequers_mini_garden, kennysheep_generic_room_4,
          uniq_terence
D:3:      layout_rooms, ebering_ecumenical_altar_ruins, bh_walls_and_bars,
          uniq_jessica, uniq_natasha

Skill      XL: |  1  2  3  4 |
---------------+-------------+-----
Armour         | 4 |  4.0
Fighting       | 4 5 |  5.0
Shields        | 4 |  4.1
Dodging        | 2 |  2.3
Long Blades    | |  2.7

Action                   |  1- 3 |  4- 6 || total
-------------------------+-------+-------++-------
Melee: Double sword      |    69 |    42 ||   111
       Headbutt          |     9 |     6 ||    15
  Use: Scroll            |     1 |       ||     1
Armor: Scale mail        |    43 |       ||    43
       Chain mail        |       |    25 ||    25
Dodge: Dodged            |    60 |    18 ||    78
Block: Buckler           |    42 |    33 ||    75
